 Dungeon Crawl Stone Soup version 0.26-a0-642-g67e99244d3 (webtiles) character file.

Game seed: 1205924773074594667

1667156 iamserjio the Talismancer (level 27, 221/269 HPs)
             Began as an Octopode Wanderer on Sept 23, 2020.
             Was the Champion of Okawaru.
             Escaped with the Orb
             ... and 3 runes on Sept 24, 2020!
             The game lasted 02:27:17 (75239 turns).

iamserjio the Talismancer (Octopode Wanderer)      Turns: 75239, Time: 02:27:17

Health: 221/269    AC: 31    Str: 16    XL:     27
Magic:  44/44      EV: 35    Int: 26    God:    Okawaru [******]
Gold:   8405       SH: 14    Dex: 16    Spells: 4/42 levels left

rFire    + + +     SeeInvis +     - Unarmed
rCold    + + .     Faith    .   W - +2 kite shield {rC+ rF+}
rNeg     + + +     Spirit   .   p - +0 hat of Understanding {rF+ rN++ MR+ Str+2}
rPois    ∞         Reflect  .   F - amulet of regeneration
rElec    +         Harm     .   n - ring of wizardry
rCorr    .         Rampage  .   P - ring "Baopholo" {rPois rF+ MR+ MP+9 Int+4}
MR       ++++.                  D - +4 ring of evasion
Stlth    ++........             B - ring of Shadows {Umbra +Inv Stlth+}
HPRegen  0.94/turn              v - +4 ring of protection
MPRegen  0.29/turn              c - ring of see invisible
                                u - ring of the Madman {rPois rC+}
                                Z - ring of Phasing {EV+8}

@: statue-form, very slightly contaminated, wreathed by umbra, very slow
A: almost no armour, stealthy swim, amphibious, 8 rings, constrict 8, fangs 1,
camouflage 1, fire resistance 1, strong 1
0: Orb of Zot
}: 3/15 runes: serpentine, barnacled, silver
a: End Transformation, Heroism, Finesse, Renounce Religion, Evoke Invisibility


You escaped.
You worshipped Okawaru.
Okawaru was exalted by your worship.
You were a stone statue.
You visited 10 branches of the dungeon, and saw 50 of its levels.
You also visited: Gauntlet, Ice Cave and Volcano.

You collected 13175 gold pieces.
You spent 4770 gold pieces at shops.

Inventory:

Missiles
 h - 15 throwing nets (quivered) {!f}
 I - 18 curare-tipped darts
Armour
 p - the +0 hat of Understanding (worn) {rF+ rN++ MR+ Str+2}
   (You acquired it on level 2 of the Vaults)

   It affects your strength (+2).
   It protects you from fire.
   It greatly protects you from negative energy.
   It affects your resistance to hostile enchantments.
 W - a +2 kite shield of resistance (worn)
Jewellery
 c - a ring of see invisible (on tentacle)
 l - an uncursed ring of protection from fire
 m - an uncursed ring of resist corrosion
 n - a ring of wizardry (left tentacle)
 t - a +4 ring of protection
 u - the ring of the Madman (on tentacle) {rPois rC+}
   (You took it off a deep elf high priest on level 3 of the Elven Halls)

   [ring of poison resistance]

   It protects you from cold.
   It protects you from poison.
 v - a +4 ring of protection (on tentacle)
 B - the ring of Shadows (on tentacle) {Umbra +Inv Stlth+}
   (You took it off a frost giant on level 5 of the Vaults)

   [ring of stealth]

   It lets you turn invisible.
   It makes you more stealthy.
 D - a +4 ring of evasion (on tentacle)
 F - an amulet of regeneration (around mantle)
 H - the ring of Seos {rF+ rC+}
   (You found it on level 5 of the Depths)

   [ring of protection from fire]

   It protects you from fire.
   It protects you from cold.
 L - an uncursed amulet of reflection
 M - an uncursed amulet of the acrobat
 P - the ring "Baopholo" (right tentacle) {rPois rF+ MR+ MP+9 Int+4}
   (You took it off a deep elf death mage on level 3 of the Elven Halls)

   [ring of magical power]

   It affects your intelligence (+4).
   It protects you from fire.
   It protects you from poison.
   It affects your resistance to hostile enchantments.
   It affects your magic capacity (+9).
 T - an uncursed ring of protection from cold
 V - a +6 ring of strength
 Z - the ring of Phasing (on tentacle) {EV+8}
   (You found it in a Gauntlet)

   [ring of evasion]

   It affects your evasion (+8).
Wands
 o - a wand of paralysis (60)
 q - a wand of iceblast (56)
 x - a wand of enslavement (23)
 O - a wand of acid (52)
 U - a wand of digging (9)
Scrolls
 a - 13 scrolls of identify {@r1}
 f - 4 scrolls of holy word
 j - a scroll of summoning
 r - 17 scrolls of remove curse {@r2}
 s - 13 scrolls of fog
 w - 7 scrolls of blinking
 y - 14 scrolls of teleportation {@r3}
 C - 5 scrolls of magic mapping
 G - 3 scrolls of silence
 X - 6 scrolls of fear
Potions
 b - 36 potions of curing {@q1}
 d - 14 potions of lignification
 e - 2 potions of invisibility
 i - 5 potions of cancellation
 k - 8 potions of haste
 A - 16 potions of heal wounds
 E - 3 potions of might
 J - 3 potions of resistance
 Q - 5 potions of mutation
 S - 2 potions of magic
 Y - 8 potions of ambrosia
Miscellaneous
 g - a phantom mirror
 z - a tin of tremorstones (3/3)
 K - a condenser vane (2/2)
 N - a phial of floods
 R - a box of beasts (3/3)


   Skills:
 - Level 22.0 Fighting
   Level 1.0 Polearms
 + Level 15.9 Dodging
 - Level 2.6 Stealth
 - Level 10.0 Shields
 - Level 20.0 Unarmed Combat
 - Level 8.0 Spellcasting
 - Level 8.0 Conjurations
 - Level 8.0 Summonings
 - Level 5.0 Necromancy
 - Level 4.0 Translocations
 - Level 13.0 Transmutations
 - Level 4.0 Air Magic
 - Level 10.0 Earth Magic
   Level 3.0 Poison Magic
 + Level 15.6 Invocations
 O Level 27 Evocations


You had 4 spell levels left.
You knew the following spells:

 Your Spells              Type           Power        Failure   Level
a - Statue Form           Tmut/Erth      ######...    6%          6
b - Borgnjor's Vile Clut  Necr/Erth      #####.....   6%          5
c - Blink                 Tloc           N/A          1%          2
d - Summon Forest         Summ/Tloc      #####.....   11%         5
e - Passage of Golubria   Tloc           N/A          9%          4
f - Summon Lightning Spi  Summ/Air       #####...     3%          4
g - Animate Skeleton      Necr           #####.       1%          1
h - Irradiate             Conj/Tmut      ######....   1%          5
i - Passwall              Tmut/Erth      ######..     1%          2
j - Animate Dead          Necr           #####.....   6%          4

Your spell library contained the following spells:

 Spells                   Type           Power        Failure   Level
 Apportation              Tloc           ####..       1%          1
 Beastly Appendage        Tmut           ######       1%          1
 Foxfire                  Conj/Fire      ####         1%          1
 Magic Dart               Conj           ####         1%          1
 Pain                     Necr           ####         1%          1
 Sandblast                Erth           ######       1%          1
 Shock                    Conj/Air       ####         1%          1
 Sting                    Tmut/Pois      ####         1%          1
 Summon Small Mammal      Summ           ####         1%          1
 Call Imp                 Summ           ######..     1%          2
 Corpse Rot               Necr/Air       N/A          1%          2
 Poisonous Vapours        Pois/Air       ####..       1%          2
 Sublimation of Blood     Necr           #####.....   1%          2
 Swiftness                Air            ####....     1%          2
 Wereblood                Tmut           ######..     1%          2
 Call Canine Familiar     Summ           ######..     1%          3
 Ignite Poison            Fire/Tmut/Pois #####...     1%          3
 Mephitic Cloud           Conj/Pois/Air  #####...     1%          3
 Spider Form              Tmut/Pois      ######....   1%          3
 Static Discharge         Conj/Air       #####...     1%          3
 Stone Arrow              Conj/Erth      ######       1%          3
 Vampiric Draining        Necr           #####.....   1%          3
 Petrify                  Tmut/Erth      ######..     1%          4
 Conjure Flame            Conj/Fire      ####....     2%          3
 Dazzling Flash           Conj/Hex       ####..       2%          3
 Gell's Gravitas          Tloc           ####......   2%          3
 Summon Guardian Golem    Hex/Summ       ####....     2%          3
 Teleport Other           Tloc           ####....     2%          3
 Ice Form                 Ice/Tmut       #####...     3%          4
 Corona                   Hex            ##.....      4%          1
 Freeze                   Ice            ##..         4%          1
 Ensorcelled Hibernation  Hex/Ice        ##....       6%          2
 Slow                     Hex            ##......     6%          2
 Portal Projectile        Hex/Tloc       ###...       6%          3
 Dispel Undead            Necr           #####...     6%          4
 Leda's Liquefaction      Hex/Erth       #####.....   6%          4
 Airstrike                Air            ####......   9%          4
 Fulminant Prism          Conj/Hex       ####......   9%          4
 Hailstorm                Conj/Ice       ####....     9%          4
 Sticky Flame             Conj/Fire      ####....     9%          4
 Summon Ice Beast         Ice/Summ       ####....     9%          4
 Olgreb's Toxic Radiance  Pois           ####....     12%         4
 Confusing Touch          Hex            ##......     13%         3
 Frozen Ramparts          Ice            ##....       13%         3
 Inner Flame              Hex/Fire       ##......     13%         3
 Ozocubu's Armour         Ice            ##......     13%         3
 Tukima's Dance           Hex            ##......     13%         3
 Cause Fear               Hex            ##........   38%         4
 Blade Hands              Tmut           ######....   1%          5
 Lee's Rapid Deconstruct  Erth           ######....   1%          5
 Hydra Form               Tmut           ######....   3%          6
 Alistair's Intoxication  Tmut/Pois      ######...    4%          5
 Yara's Violent Unravell  Hex/Tmut       #####.....   9%          5
 Bolt of Magma            Conj/Fire/Erth #####.....   11%         5
 Lightning Bolt           Conj/Air       #####.....   11%         5
 Agony                    Necr           #####...     16%         5
 Excruciating Wounds      Necr           #####.....   16%         5
 Iron Shot                Conj/Erth      ######....   16%         6
 Fireball                 Conj/Fire      ####......   22%         5
 Eringya's Noxious Bog    Tmut/Pois      ######....   24%         6
 Silence                  Hex/Air        ###.......   45%         5
 Conjure Ball Lightning   Conj/Air       #####.....   45%         6
 Death Channel            Necr           #####.....   61%         6
 Metabolic Englaciation   Hex/Ice        ##........   71%         5
 Dispersal                Tloc           ####......   75%         6
 Freezing Cloud           Conj/Ice/Air   ####......   75%         6
 Starburst                Conj/Fire      ####......   75%         6
 Summon Hydra             Summ           ######....   77%         7
 Simulacrum               Ice/Necr       ###.......   90%         6
 Invisibility             Hex            ##......     99%         6
 Ozocubu's Refrigeration  Ice            ##........   99%         6
 Discord                  Hex            ##........   100%        8
 Disjunction              Tloc           ####......   100%        8
 Ignition                 Fire           ##........   100%        8
 Shatter                  Erth           ######....   100%        9
 Tornado                  Air            ####......   100%        9


Dungeon Overview and Level Annotations

Branches:
Dungeon (15/15)            Temple (1/1) D:5            Lair (6/6) D:9
 Shoals (4/4) Lair:4        Snake (4/4) Lair:2        Slime (0/5) Lair:6
    Orc (2/2) D:12            Elf (3/3) Orc:2        Vaults (5/5) D:13
  Crypt (0/3) Vaults:2     Depths (5/5) D:15            Zot (5/5) Depths:5
  IceCv (visited)         Volcano (visited)         Gauntlet (visited)

Altars:
Ashenzari
Cheibriados
Dithmenos
Elyvilon
Fedhas
Gozag
Hepliaklqana
Kikubaaqudgha
Makhleb
Nemelex Xobeh
Okawaru
Qazlal
Ru
Sif Muna
Trog
Uskayaw
Vehumet
Wu Jian
Xom
Yredelemnul
Zin
Beogh

Shops:
D:8 *   D:12 (   D:13 *(   Orc:2 (?[(   Elf:1 *   Elf:2 (   Elf:3 [
Shoals:1 !   Shoals:2 }   Snake:2 }   Vaults:4 [(   Vaults:5 :!?   Depths:4 ([(

Portals:
Hell: Depths:1 Depths:2 Depths:3 Depths:4 Depths:5
Abyss: Depths:4 Depths:5
Pandemonium: Depths:3 Depths:5
Ziggurat: Depths:5

Annotations:
D:10 1 runed translucent door
Elf:2 3 runed translucent doors
Vaults:3 36 runed doors
Depths:2 1 exclusion
Depths:5 2 transporters


Innate Abilities, Weirdness & Mutations

You cannot wear most types of armour.
You are very stealthy in the water. (Stealth+)
You are amphibious.
You can wear up to eight rings at the same time.
You can use your tentacles to constrict eight enemies at once.
Your skin changes colour to match your surroundings (Stealth+).
((Your rubbery body absorbs attacks. (AC +1, EV +1)))
You have very sharp teeth.
Your flesh is heat resistant. (rF+)
((You are covered in fur. (AC +1)))
Your muscles are strong. (Str +2)


Message History

You flicker back into view.
A goblin and a rakshasa come into view.
The goblin shouts!
The rakshasa completely misses you. The rakshasa barely misses you.
You block the goblin's attack. The rakshasa gestures at you.
The lance of force hits you!
You are knocked back by the lance of force.
You slam into the stone wall!
The rakshasa blinks!
You block the goblin's attack. The goblin barely misses you.
You block the goblin's attack. The goblin closely misses you.
The goblin closely misses you.
The rakshasa blinks!
The goblin completely misses you.
The rakshasa blinks!
There is a staircase leading out of the dungeon here.
You block the goblin's attack. The goblin misses you.
You have escaped!

###.....########8#.# #.#
###.....# #.#.# #####.####
........# ###.### #........#
###.#####
###.....####.##...#.#
###.####
#..8...8..#.........##
.......##
##.........##........#.
######..#
#...........#.###.#..#.
#..###...........###...#..#.
#..8.......8.......8........
#..###.....g.....###...#.##.
#### #...........#.###.#.##.
##.........##.......##.
#....R....######.####. ####
###.....########.# ## ...#
#.....#.....##.##### ##.#
##.....#####.##.##... #.#
#8.....8#..........#.


You could see a rakshasa and a goblin.

Vanquished Creatures
  3 orbs of fire (Zot:5)
  13 ancient liches
  3 pandemonium lords
  Frederick (Vaults:4)
  Saint Roka (Depths:5)
  4 Killer Klowns
  A caustic shrike (shapeshifter) (Vaults:5)
  A caustic shrike (Depths:5)
  9 golden dragons
  A curse toe (Zot:5)
  A profane servitor (D:1)
  Nikola (Shoals:2)
  A Brimstone Fiend (Depths:3)
  2 electric golems (Zot:5)
  6 tentacled monstrosities
  26 Orb Guardians
  4 titans
  An Ice Fiend (Depths:3)
  A kraken (Shoals:3)
  3 quicksilver dragons
  5 liches
  2 deep elf master archers (Elf:3)
  Frances (D:12)
  7 death cobs
  Asterion (Elf:3)
  6 sphinxes
  Polyphemus (Shoals:3)
  Agnes (D:14)
  An ancient champion (Depths:5)
  4 draconian monks
  7 storm dragons
  Kirke (Shoals:3)
  9 large abominations
  7 tengu reavers
  11 shadow dragons
  Donald (Vaults:2)
  7 draconian knights
  The ghost of hofbold the Tainter, an adept OpVM of Hepliaklqana (Shoals:2)
  The ghost of Vymywny the Zephyrmancer, a journeyman DrFE of Vehumet (Snake:4)
  An iron dragon (Depths:5)
  13 deep elf sorcerers
  8 nagarajas
  10 frost giants
  8 fire giants
  A draconian shifter (Zot:2)
  2 orc warlords
  A curse skull (Vaults:2)
  4 draconian scorchers (Zot:2)
  2 ghost moths (Zot:5)
  2 ghouls (Vaults:2)
  Aizul (Snake:1)
  3 balrugs
  17 vault wardens
  3 juggernaut zombies (Depths:3)
  4 war gargoyles (Vaults:5)
  A draconian stormcaller (Zot:2)
  4 draconian annihilators
  13 very ugly things
  2 spriggan defenders
  20 ironheart preservers
  7 deep elf elementalists
  22 stone giants
  An entropy weaver (Vaults:1)
  A juggernaut skeleton (Depths:4)
  A caustic shrike skeleton (Depths:3)
  6 deep elf demonologists
  A minotaur (Gauntlet)
  A green draconian (Zot:5)
  2 red draconians (Zot:2)
  5 purple draconians
  10 white draconians
  6 yellow draconians
  6 black draconians
  5 spark wasps
  11 deep elf annihilators
  Azrael (Snake:1)
  5 small abominations
  2 green deaths (D:1)
  4 blizzard demons (Depths:3)
  Snorg (Orc:1)
  7 deep elf death magi
  10 fire dragons
  12 ettins
  4 merfolk javelineers
  4 jiangshi
  10 merfolk impalers
  13 yaktaur captains
  5 deep elf high priests
  4 rakshasas
  4 great orbs of eyes
  5 spriggan air magi
  37 vault guards
  Josephine (D:13)
  A hell beast (D:15)
  12 ice dragons
  Fannar (Orc:1)
  11 naga warriors
  A catoblepas (Shoals:3)
  A juggernaut simulacrum (Depths:4)
  8 hydras
  6 centaur warriors
  10 anacondas
  60 two-headed ogres
  An alligator snapping turtle (Shoals:1)
  3 merfolk avatars
  Erica (Lair:1)
  The ghost of feta the Blocker, a journeyman OpIE of Yredelemnul (D:10)
  5 satyrs
  6 merfolk aquamancers
  2 death knights
  A two-headed ogre (shapeshifter) (Depths:4)
  14 dancing weapons
  6 vampire magi
  20 ogre magi
  8 deep troll shamans
  A queen ant (D:10)
  2 death yaks (Shoals:3)
  Urug (D:13)
  2 alligators
  5 tengu warriors
  10 spriggan berserkers
  6 deep troll earth magi
  23 naga sharpshooters
  4 orc high priests
  A shock serpent (shapeshifter) (Vaults:2)
  2 sun demons
  4 shock serpents
  Sonja (D:10)
  22 deep elf knights
  An iron troll (Depths:3)
  17 hell knights
  A shadow wraith (Vaults:1)
  A storm dragon skeleton (Vaults:4)
  14 skeletal warriors
  2 salamander mystics
  11 naga ritualists
  4 torturous demonspawn
  4 unseen horrors
  4 glowing orange brains
  36 deep trolls
  29 deep elf archers
  3 lindwurms
  A shadow dragon zombie (Vaults:5)
  3 phantasmal warriors (Vaults:5)
  8 sea snakes
  5 wizards
  2 flayed ghosts
  A glowing orange brain (shapeshifter) (Vaults:5)
  A sphinx zombie (Depths:4)
  A wolf spider zombie (D:14)
  A harpy (shapeshifter) (Vaults:4)
  6 mana vipers
  14 orc knights
  9 necromancers
  6 orc sorcerers
  2 sphinx skeletons (Depths:4)
  34 harpies
  22 ironbrand convokers
  13 cyclopes
  64 deep elf magi
  19 fauns
  A tengu skeleton (Vaults:5)
  A mana viper (shapeshifter) (Elf:3)
  44 ugly things
  8 wolf spiders
  10 manticores
  16 salamanders
  A faun (shapeshifter) (Vaults:5)
  A worldbinder (Gauntlet)
  An oklob plant (Lair:1)
  9 moths of wrath
  An iron dragon skeleton (Depths:4)
  A moth of wrath (shapeshifter) (Vaults:1)
  2 ice statues (IceCv)
  12 guardian serpents
  10 elephants (Lair:4)
  42 black mambas
  23 naga magi
  An elf zombie (Depths:4)
  5 merfolk sirens
  Maurice (Orc:1)
  18 vault sentinels
  A smoke demon (D:7)
  3 centaur zombies
  Joseph (D:7)
  6 water nymphs
  An orange demon (D:1)
  A rust devil (D:7)
  17 cane toads
  3 molten gargoyles (Lair:6)
  A guardian serpent (shapeshifter) (Depths:4)
  2 gargoyles
  3 hellions (Depths:3)
  Maggie (D:10)
  2 rime drakes (shapeshifter)
  38 yaktaurs
  3 rime drakes
  A tormentor (D:1)
  A redback zombie (D:13)
  2 ice devils (Orc:2)
  2 red devils
  9 komodo dragons
  5 freezing wraiths
  An entropy weaver simulacrum (Vaults:1)
  2 yaktaur skeletons
  47 merfolk
  A queen bee (Gauntlet)
  A queen bee (shapeshifter) (D:14)
  3 meliai (D:15)
  6 wind drakes
  11 tengu conjurers
  10 trolls
  A wind drake (shapeshifter) (Depths:4)
  22 slime creatures
  A polar bear (shapeshifter) (Vaults:4)
  8 hornets
  10 snapping turtles
  A meliai zombie (D:10)
  7 dream sheep (Shoals:4)
  A stone giant simulacrum (Vaults:4)
  12 hippogriffs
  An elf skeleton (Depths:4)
  A redback (shapeshifter) (Vaults:3)
  4 air elementals
  5 shadows
  4 spriggans (Depths:3)
  13 wraiths
  21 water elementals
  4 redbacks (Vaults:1)
  5 wyverns
  4 basilisks
  31 yaks
  4 steam dragons
  A basilisk (shapeshifter) (Depths:3)
  A golden eye (shapeshifter) (Depths:4)
  3 hogs (Shoals:3)
  A yak (shapeshifter) (D:14)
  A vampire mosquito (D:12)
  9 fire bats
  12 fire elementals
  7 wargs
  A naga (shapeshifter) (Depths:5)
  A chaos spawn (Depths:4)
  59 nagas
  5 soldier ants
  An acid dragon (D:14)
  9 hell hounds
  9 porcupines
  17 water moccasins
  3 floating eyes (Depths:5)
  2 human zombies (Vaults:4)
  54 orc warriors
  5 phantoms
  A black bear (D:9)
  11 ice beasts
  A sky beast (D:8)
  34 ogres
  2 boggarts (Gauntlet)
  3 centaurs
  A tengu (shapeshifter) (Vaults:2)
  25 wolves
  7 crocodiles
  A big kobold (D:9)
  18 bullfrogs
  A human skeleton (Vaults:4)
  2 glowing shapeshifter simulacra
  4 earth elementals
  4 scorpions
  3 wyvern skeletons
  10 killer bees
  2 electric eels (Lair:4)
  21 wights
  5 howler monkeys
  8 lava snakes
  5 crimson imps (Depths:3)
  2 bullfrog zombies
  3 hounds
  4 jellies
  8 centaur skeletons
  A quasit (D:9)
  45 orc priests
  46 orc wizards
  2 bullfrog skeletons (D:10)
  4 iguanas
  31 worker ants
  A hound skeleton (D:6)
  A worker ant zombie (D:7)
  18 adders
  A gnoll (D:3)
  A howler monkey skeleton (D:6)
  A shadow imp (D:10)
  8 white imps
  3 ufetubi
  An ooze (D:2)
  3 adder skeletons
  3 worms
  3 dart slugs
  6 leopard geckos
  130 orcs
  9 bats
  A bat skeleton (D:2)
  5 bat zombies (D:2)
  8 giant cockroaches
  7 hobgoblins
  12 jackals
  9 kobolds
  7 quokkas
  4 ball pythons (Depths:1)
  8 frilled lizards
  10 goblins
  A jackal skeleton (D:4)
  A jackal zombie (D:5)
  2 quokka skeletons (D:8)
  A quokka zombie (D:7)
  12 rats
  A spectral orc (D:5)
  3 tentacles (Shoals:3)
2443 creatures vanquished.

Vanquished Creatures (collateral kills)
  A centaur warrior (D:13)
  Prince Ribbit (D:9)
  A yak (D:8)
  A sky beast (D:5)
  2 ice beasts
  An ogre (D:4)
  2 bullfrogs (D:6)
  2 vampire bats (D:2)
  2 centaur skeletons
  A hound (D:7)
  2 worker ants (D:5)
  2 orc wizards
  A hound zombie (D:7)
  A hound skeleton (D:9)
  3 gnolls (D:3)
  5 adders
  An adder skeleton (D:8)
  2 worms (D:3)
  A leopard gecko (D:3)
  21 orcs
  A goblin (D:3)
  2 quokkas (D:6)
  A bat (D:3)
  A kobold (D:3)
58 creatures vanquished.

Vanquished Creatures (others)
  A death cob (Zot:5)
  A fire dragon (Depths:1)
  A naga warrior (Snake:2)
  2 deep elf knights
  A naga ritualist (Snake:4)
  2 deep elf magi (Elf:1)
  A storm dragon simulacrum (Depths:4)
  2 air elementals (Elf:2)
  A water elemental (Elf:1)
  An orc warrior (Vaults:4)
  2 ogres
  2 crimson imps (Depths:3)
  A white imp (Depths:3)
  2 orcs
  42 fungi
  273 plants
  2 tentacles (Shoals:3)
337 creatures vanquished.

Grand Total: 2838 creatures vanquished

Notes
Turn   | Place    | Note
-------+----------+-------------------------------------------
     0 | D:1      | iamserjio the Octopode Wanderer began the quest for the
                  | Orb.
     0 | D:1      | iamserjio set off with the following items: a +0 dagger, 2
                  | potions of curing {@q1}; and the following spell memorised:
                  | Magic Dart; and the following spells available to memorise:
                  | Blink, Call Imp, Slow, Mephitic Cloud, Conjure Flame
     0 | D:1      | Reached XP level 1. HP: 11/11 MP: 2/2
   176 | D:1      | Reached skill level 1 in Fighting
   426 | D:1      | Reached XP level 2. HP: 16/18 MP: 1/3
   452 | D:1      | Learned a level 2 spell: Call Imp
  1357 | D:1      | Reached XP level 3. HP: 24/24 MP: 0/4
  1406 | D:1      | Reached skill level 1 in Summonings
  1663 | D:1      | Found a radiant altar of Vehumet.
  1665 | D:1      | Found a shimmering altar of Xom.
  1665 | D:1      | Found a hazy altar of Hepliaklqana.
  1667 | D:1      | Found a hazy altar of Hepliaklqana.
  1667 | D:1      | Found a shimmering altar of Xom.
  1667 | D:1      | Found a shimmering altar of Xom.
  2046 | D:1      | Learned a level 2 spell: Blink
  2464 | D:2      | Found an opulent altar of Gozag.
  2523 | D:2      | Reached XP level 4. HP: 29/29 MP: 6/6
  2638 | D:2      | Noticed a phantom
  2693 | D:2      | Found a stormy altar of Qazlal.
  2704 | D:2      | Noticed a water elemental
  2706 | D:2      | Noticed a fire elemental
  2706 | D:2      | Noticed an earth elemental
  2706 | D:2      | Noticed an air elemental
  3286 | D:2      | Reached XP level 5. HP: 31/34 MP: 3/8
  3289 | D:2      | Reached skill level 1 in Unarmed Combat
  3437 | D:2      | Found an ancient bone altar of Kikubaaqudgha.
  3595 | D:2      | Learned a level 3 spell: Call Canine Familiar
  4098 | D:3      | Reached XP level 6. HP: 41/41 MP: 9/9
  5021 | D:4      | Noticed an ice beast
  6233 | D:5      | Entered Level 5 of the Dungeon
  6686 | D:4      | Killed an ice beast
  6832 | D:5      | Noticed a sky beast
  6852 | D:5      | Reached XP level 7. HP: 46/46 MP: 5/10
  7034 | D:5      | Found a blossoming altar of Fedhas.
  7038 | D:5      | Found a shimmering blue altar of Sif Muna.
  7046 | D:5      | Found a shadowy altar of Dithmenos.
  7253 | D:5      | Found a hide-covered altar of Uskayaw.
  7787 | D:5      | Found a shattered altar of Ashenzari.
  7822 | D:5      | Found a staircase to the Ecumenical Temple.
  7883 | Temple   | Entered the Ecumenical Temple
  7892 | Temple   | Became a worshipper of Warmaster Okawaru
  8352 | D:5      | Found a basalt altar of Yredelemnul.
  8592 | D:5      | Learned a level 3 spell: Mephitic Cloud
  8609 | D:5      | Reached skill level 1 in Invocations
  8890 | D:6      | Found a sparkling altar of Nemelex Xobeh.
  8912 | D:6      | Reached XP level 8. HP: 44/54 MP: 4/12
  9610 | D:6      | Found a radiant altar of Vehumet.
  9623 | D:6      | Noticed a hippogriff
  9656 | D:6      | Killed a hippogriff
  9656 | D:6      | Reached * piety under Okawaru
  9656 | D:6      | Reached skill level 5 in Unarmed Combat
 10929 | D:7      | Noticed a yak
 10945 | D:7      | Noticed a yak
 10946 | D:7      | Noticed a yak
 10977 | D:6      | Killed a yak
 11010 | D:6      | Killed a yak
 11010 | D:6      | Reached ** piety under Okawaru
 11035 | D:6      | Killed a yak
 11035 | D:6      | Reached skill level 5 in Fighting
 11035 | D:6      | Reached XP level 9. HP: 29/61 MP: 3/15
 11434 | D:7      | Found a basalt altar of Yredelemnul.
 11439 | D:7      | Found a burning altar of Makhleb.
 11489 | D:7      | Got a steaming whip
 11496 | D:7      | Noticed Joseph
 11598 | D:7      | Found a glowing silver altar of Zin.
 11883 | D:7      | Noticed a moth of wrath
 11886 | D:7      | Found a bloodstained altar of Trog.
 12485 | D:7      | Learned a level 4 spell: Summon Lightning Spire
 13021 | D:8      | Found Esetou Jushi's Assorted Antiques.
 13098 | D:8      | Bought a golden potion for 18 gold pieces
 13098 | D:8      | Bought a potion of curing for 60 gold pieces
 13098 | D:8      | Bought a tiny jade amulet for 100 gold pieces
 13098 | D:8      | Bought a wand of flame (17) for 20 gold pieces
 13098 | D:8      | Bought a wand of iceblast (6) for 80 gold pieces
 13494 | D:9      | Noticed a troll
 13501 | D:9      | Reached skill level 2 in Evocations
 13509 | D:9      | Killed a troll
 13524 | D:9      | Reached skill level 5 in Invocations
 13538 | D:9      | Reached skill level 3 in Evocations
 13641 | D:9      | Reached *** piety under Okawaru
 13641 | D:9      | Reached skill level 4 in Evocations
 13758 | D:9      | Reached XP level 10. HP: 29/68 MP: 13/16
 13949 | D:9      | Noticed a two-headed ogre
 13964 | D:9      | Killed a two-headed ogre
 13964 | D:9      | Reached skill level 5 in Evocations
 14422 | D:9      | Noticed Prince Ribbit
 14437 | D:9      | Killed Prince Ribbit
 14444 | D:9      | Reached skill level 6 in Evocations
 14717 | D:9      | Reached skill level 5 in Dodging
 15771 | D:9      | Found a staircase to the Lair.
 15900 | D:9      | Learned a level 1 spell: Animate Skeleton
 15901 | D:10     | Entered Level 10 of the Dungeon
 16059 | D:10     | Reached skill level 1 in Poison Magic
 16116 | D:10     | Found a runed translucent door.
 16116 | D:10     | Noticed a sixfirhy
 16159 | D:10     | Reached **** piety under Okawaru
 16159 | D:10     | Reached skill level 1 in Conjurations
 16556 | D:10     | Reached XP level 11. HP: 32/77 MP: 14/17
 16816 | D:10     | Noticed Maggie
 16853 | D:10     | Noticed a two-headed ogre
 16867 | D:10     | Killed a two-headed ogre
 17438 | D:10     | Noticed Sonja
 17745 | D:10     | Killed Sonja
 17834 | D:10     | Found a large runed translucent door.
 17834 | D:10     | Found a large runed translucent door.
 17835 | D:10     | Noticed feta's ghost (journeyman OpIE)
 19206 | D:10     | Killed Maggie
 19210 | D:10     | Noticed a queen ant
 19254 | D:9      | Reached skill level 5 in Summonings
 19858 | D:10     | Killed a queen ant
 19858 | D:10     | Reached ***** piety under Okawaru
 20797 | D:11     | Noticed a purple ugly thing
 20811 | D:11     | Killed a purple ugly thing
 21478 | D:11     | Reached XP level 12. HP: 48/85 MP: 16/18
 22265 | D:12     | Found a white marble altar of Elyvilon.
 22333 | D:12     | Found a staircase to the Orcish Mines.
 22333 | D:12     | Found Oceusaih's Weapon Shoppe.
 22571 | D:12     | Noticed Frances
 22997 | Lair:1   | Entered Level 1 of the Lair of Beasts
 23010 | Lair:1   | Found a gate leading to a gauntlet.
 23012 | Lair:1   | Noticed Erica
 23024 | Lair:1   | Killed Erica
 23051 | Gauntlet | Entered a Gauntlet
 23051 | Gauntlet | Found a transporter.
 23095 | Gauntlet | Found a transporter.
 23105 | Gauntlet | Found the ring of Phasing {EV+8}
 23110 | Gauntlet | Found a transporter.
 23115 | Gauntlet | Found a transporter.
 23136 | Gauntlet | Found a transporter.
 23149 | Gauntlet | Found a transporter.
 23161 | Gauntlet | Found a transporter.
 23180 | Gauntlet | Found a transporter.
 23180 | Gauntlet | Noticed a reaper
 23192 | Gauntlet | Found a transporter.
 23198 | Gauntlet | Found a transporter.
 23198 | Gauntlet | Found a transporter.
 23200 | Gauntlet | Noticed a death ooze
 23209 | Gauntlet | Found a large runed translucent door.
 23210 | Gauntlet | Found a large runed translucent door.
 23211 | Gauntlet | Found a large runed translucent door.
 23211 | Gauntlet | Found a large runed translucent door.
 23211 | Gauntlet | Noticed a thrashing horror
 23211 | Gauntlet | Noticed a thrashing horror
 23212 | Gauntlet | Found a runed translucent gate.
 23213 | Gauntlet | Found a transporter.
 23213 | Gauntlet | Found a runed translucent gate.
 23214 | Gauntlet | Found a runed translucent gate.
 23215 | Gauntlet | Found a large runed translucent door.
 23215 | Gauntlet | Found a large runed translucent door.
 23216 | Gauntlet | Found a large runed translucent door.
 23217 | Gauntlet | Found a large runed translucent door.
 23226 | Gauntlet | Found a large runed translucent door.
 23226 | Gauntlet | Found a large runed translucent door.
 23226 | Gauntlet | Found a runed translucent door.
 23226 | Gauntlet | Found a runed translucent door.
 23227 | Gauntlet | Found a large runed translucent door.
 23228 | Gauntlet | Found a large runed translucent door.
 23230 | Gauntlet | Found a transporter.
 23238 | Gauntlet | Found a large runed translucent door.
 23238 | Gauntlet | Found a large runed translucent door.
 23239 | Gauntlet | Found a large runed translucent door.
 23240 | Gauntlet | Found a large runed translucent door.
 23250 | Gauntlet | Found a transporter.
 23275 | Gauntlet | Found a transporter.
 23295 | Gauntlet | Found a transporter.
 23324 | Gauntlet | Noticed an ettin
 23328 | Gauntlet | Noticed a queen ant
 23328 | Gauntlet | an ettin changed into a queen ant
 23332 | Gauntlet | Noticed an iron troll
 23332 | Gauntlet | a queen ant changed into an iron troll
 23334 | Gauntlet | Noticed an azure jelly
 23334 | Gauntlet | an iron troll changed into an azure jelly
 23339 | Gauntlet | Noticed an emperor scorpion
 23339 | Gauntlet | an azure jelly changed into an emperor scorpion
 23345 | Gauntlet | Noticed a death yak
 23345 | Gauntlet | an emperor scorpion changed into a death yak
 23347 | Gauntlet | Noticed an ice dragon
 23347 | Gauntlet | a death yak changed into an ice dragon
 23352 | Gauntlet | Noticed an entropy weaver
 23361 | Gauntlet | Noticed an alligator
 23361 | Gauntlet | an entropy weaver changed into an alligator
 23385 | Gauntlet | Found a transporter.
 23548 | Gauntlet | Found a transporter.
 23959 | Gauntlet | Noticed a queen ant
 24004 | Gauntlet | Got a scorched amethyst amulet
 24019 | Gauntlet | Identified the amulet of Jimeti {Spirit rElec} (You found
                  | it in a Gauntlet)
 24061 | Gauntlet | Noticed a minotaur
 24075 | Gauntlet | Killed a minotaur
 24075 | Gauntlet | Reached skill level 5 in Spellcasting
 24085 | Gauntlet | Identified a scroll of acquirement
 24278 | Lair:1   | Reached skill level 10 in Fighting
 24516 | Lair:1   | Received a gift from Okawaru
 24990 | Lair:1   | Identified Sif Muna's Almanac of Hurtful Orientation
 25634 | Lair:1   | Learned a level 6 spell: Statue Form
 25634 | Lair:1   | Acquired 890 gold pieces
 25962 | Lair:2   | Reached skill level 1 in Earth Magic
 26027 | Lair:2   | Found a staircase to the Snake Pit.
 26053 | Lair:2   | Reached skill level 1 in Transmutations
 26053 | Lair:2   | Reached XP level 13. HP: 27/93 MP: 6/21
 27876 | Lair:3   | You fall into a shaft and drop 3 floors!
 27876 | Lair:6   | Entered Level 6 of the Lair of Beasts
 28020 | Lair:5   | Found a dark tunnel.
 28025 | Volcano  | Entered a volcano
 28169 | Volcano  | Reached skill level 1 in Shields
 28214 | Volcano  | Received a gift from Okawaru
 28217 | Volcano  | Got a heavily runed buckler {god gift}
 28243 | Volcano  | Identified the +3 buckler of the Saviour {SInv} (Okawaru
                  | gifted it to you in a volcano)
 28284 | Volcano  | Reached skill level 10 in Unarmed Combat
 28596 | Volcano  | Found a radiant altar of Vehumet.
 28706 | Volcano  | Found a burning altar of Makhleb.
 29546 | Lair:5   | You fall into a shaft and drop 1 floor!
 29805 | Lair:4   | Reached skill level 5 in Shields
 30691 | Lair:4   | Identified the Almanac of Conjuration and Ignition
 30777 | Lair:4   | Reached XP level 14. HP: 68/102 MP: 18/23
 30933 | Lair:4   | Found a staircase to the Shoals.
 31237 | Lair:4   | Received a gift from Okawaru
 31331 | Lair:4   | Got a faintly humming buckler {god gift}
 31343 | Lair:4   | Identified the +2 buckler of the Sturgeon {rPois Regen+
                  | rCorr Dex-5} (Okawaru gifted it to you on level 4 of the
                  | Lair of Beasts)
 32174 | Lair:6   | Found a staircase to the Slime Pits.
 32826 | Lair:6   | Found a large runed translucent door.
 32827 | Lair:6   | Found a large runed translucent door.
 32879 | Lair:6   | Reached skill level 10 in Shields
 33497 | D:7      | Killed Joseph
 34202 | D:12     | Noticed a storm dragon
 34265 | D:12     | Noticed a deep elf annihilator
 34520 | D:12     | Reached skill level 5 in Transmutations
 34520 | D:12     | Reached skill level 5 in Earth Magic
 34870 | D:13     | Noticed Urug
 35088 | D:13     | Noticed Josephine
 35101 | D:13     | Killed Josephine
 35137 | D:13     | Found a gate to the Vaults.
 35548 | D:13     | Found Celeahell's Weapon Boutique.
 35575 | D:13     | Received a gift from Okawaru
 35733 | D:13     | Found Zanevi's Elemental Accessories.
 35741 | D:13     | Bought a wand of iceblast (4) for 136 gold pieces
 35827 | D:13     | Reached XP level 15. HP: 46/108 MP: 4/24
 36501 | D:13     | Killed Urug
 37389 | D:14     | Found a sacrificial altar of Ru.
 37454 | D:14     | Identified the +6 flail of the Eternal Void {drain, +Blink}
 37459 | D:14     | Noticed Agnes
 37470 | D:14     | Killed Agnes
 37749 | D:13     | Reached XP level 16. HP: 114/114 MP: 25/25
 37758 | D:13     | Learned a level 5 spell: Irradiate
 37888 | D:14     | Found a blossoming altar of Fedhas.
 38128 | D:14     | Found a bloodstained altar of Trog.
 38212 | D:15     | Entered Level 15 of the Dungeon
 38219 | D:15     | Found an ornate altar of the Wu Jian Council.
 38480 | D:15     | Reached skill level 10 in Transmutations
 38483 | D:15     | Reached skill level 10 in Earth Magic
 39024 | D:15     | Found a staircase to the Depths.
 39114 | D:15     | Identified the Disquisition on Evil Rituals
 39255 | D:15     | Acquired 700 gold pieces
 39357 | D:12     | Killed Frances
 39421 | D:12     | Killed a storm dragon
 39421 | D:12     | Received a gift from Okawaru
 39564 | D:10     | Killed feta's ghost
 39591 | D:10     | Learned a level 2 spell: Passwall
 39599 | D:10     | Learned a level 5 spell: Borgnjor's Vile Clutch
 39667 | Orc:1    | Entered Level 1 of the Orcish Mines
 39667 | Orc:1    | Noticed Maurice
 39675 | Orc:1    | Killed Maurice
 39690 | Orc:1    | Reached skill level 1 in Necromancy
 39781 | Orc:1    | Noticed Fannar
 39789 | Orc:1    | Killed Fannar
 39910 | Orc:1    | Noticed Snorg
 39924 | Orc:1    | Killed Snorg
 40003 | Orc:1    | Paralysed by an orc sorcerer for 5 turns
 40253 | Orc:2    | Entered Level 2 of the Orcish Mines
 40353 | Orc:2    | Found a frozen archway.
 40359 | Orc:2    | Reached XP level 17. HP: 119/119 MP: 23/28
 40367 | IceCv    | Entered an ice cave
 40384 | IceCv    | Found a transporter.
 40409 | IceCv    | Found a transporter.
 40569 | Orc:2    | Found a staircase to the Elven Halls.
 40682 | Orc:2    | Found a runed translucent door.
 40813 | Orc:2    | Found a roughly hewn altar of Beogh.
 40828 | Orc:2    | Found Viluroymp's Magic Scroll Shoppe.
 40852 | Orc:2    | Bought a scroll of summoning for 104 gold pieces
 40852 | Orc:2    | Bought a scroll of enchant armour for 82 gold pieces
 40852 | Orc:2    | Bought a scroll of holy word for 82 gold pieces
 40937 | Orc:2    | Found a roughly hewn altar of Beogh.
 40957 | Orc:2    | Got a polished broad axe
 41316 | Orc:2    | Found a roughly hewn altar of Beogh.
 41316 | Orc:2    | Found Busen's Antique Weapon Emporium.
 41331 | Orc:2    | Found Leijoz's Antique Armour Shoppe.
 41353 | Orc:2    | Found a roughly hewn altar of Beogh.
 41480 | Orc:2    | Found a roughly hewn altar of Beogh.
 41480 | Orc:2    | Found Jom Guis's Antique Weapon Boutique.
 41557 | Orc:2    | Found a roughly hewn altar of Beogh.
 41595 | Orc:2    | Found a roughly hewn altar of Beogh.
 41652 | Orc:2    | Found a roughly hewn altar of Beogh.
 41743 | Orc:2    | Found a roughly hewn altar of Beogh.
 41818 | Elf:1    | Entered Level 1 of the Elven Halls
 41831 | Elf:1    | Reached skill level 5 in Conjurations
 41851 | Elf:1    | Reached skill level 5 in Necromancy
 42015 | Elf:1    | Found Satzeocwuk's Assorted Antiques.
 42201 | Elf:1    | Received a gift from Okawaru
 42261 | Elf:1    | Bought a potion of curing for 66 gold pieces
 42261 | Elf:1    | Bought a scroll of fog for 44 gold pieces
 42261 | Elf:1    | Bought a wand of acid (9) for 176 gold pieces
 42689 | Elf:1    | Gained mutation: Your body sometimes deteriorates upon
                  | taking damage. [a neqoxec]
 42993 | Elf:2    | Found a runed translucent gate.
 42993 | Elf:2    | Found a runed translucent gate.
 43000 | Elf:2    | Found a runed translucent gate.
 43020 | Elf:2    | Paralysed by an orc sorcerer for 6 turns
 43060 | Elf:2    | Found Huhiov's Weapon Emporium.
 43440 | Elf:3    | Entered Level 3 of the Elven Halls
 43563 | Elf:3    | Reached XP level 18. HP: 132/132 MP: 30/30
 43772 | Elf:3    | Received a gift from Okawaru
 44111 | Elf:3    | Noticed Asterion
 44118 | Elf:3    | Killed Asterion
 44157 | Elf:3    | Found Qiggaer's Antique Armour Emporium.
 44655 | Snake:1  | Entered Level 1 of the Snake Pit
 44684 | Snake:1  | Noticed Aizul
 44689 | Snake:1  | Killed Aizul
 44726 | Snake:1  | Reached skill level 15 in Fighting
 44960 | Snake:1  | Noticed Azrael
 44981 | Snake:1  | Killed Azrael
 45365 | Snake:1  | Got a shimmering quarterstaff
 45822 | Snake:1  | Learned a level 5 spell: Summon Forest
 45927 | Snake:2  | Received a gift from Okawaru
 45958 | Snake:2  | Got a fine quarterstaff {god gift}
 46184 | Snake:2  | Found Morileos's Gadget Boutique.
 46190 | Snake:2  | Bought a wand of paralysis (14) for 256 gold pieces
 47546 | Snake:4  | Entered Level 4 of the Snake Pit
 47546 | Snake:4  | Found a large runed translucent door.
 47552 | Snake:4  | Found a large runed translucent door.
 47556 | Snake:4  | Noticed Vymywny's ghost (journeyman DrFE)
 47574 | Snake:4  | Killed Vymywny's ghost
 47620 | Snake:4  | Reached XP level 19. HP: 141/141 MP: 31/31
 48056 | Snake:4  | Reached ****** piety under Okawaru
 48326 | Snake:4  | Got a serpentine rune of Zot
 48337 | Snake:4  | Received a gift from Okawaru
 48360 | Snake:4  | Got an ancient hat {god gift}
 48843 | Snake:4  | Identified the +0 hat "Zuokiopp" {rN+} (Okawaru gifted it
                  | to you on level 4 of the Snake Pit)
 49006 | Shoals:1 | Entered Level 1 of the Shoals
 49202 | Shoals:1 | Found Rure's Distillery.
 49228 | Shoals:1 | Bought a potion of might for 60 gold pieces
 49228 | Shoals:1 | Bought a potion of might for 60 gold pieces
 49228 | Shoals:1 | Bought 2 potions of lignification for 90 gold pieces
 49228 | Shoals:1 | Bought a potion of curing for 45 gold pieces
 49946 | Shoals:2 | Received a gift from Okawaru
 50264 | Shoals:2 | Identified the +11 demon trident of Gehenna {elec, rPois
                  | Str+3 Dex+4}
 50330 | Shoals:2 | Noticed hofbold's ghost (adept OpVM)
 50344 | Shoals:2 | Found a transporter.
 50407 | Shoals:2 | Found a transporter.
 50408 | Shoals:2 | Identified the ring of Lioz {Ice MR+}
 50408 | Shoals:2 | Identified the +8 trident "Gaups" {holy, Dex+7}
 50413 | Shoals:2 | Found a bloodstained altar of Trog.
 50503 | Shoals:2 | Noticed Nikola
 50516 | Shoals:2 | Killed Nikola
 50714 | Shoals:2 | Found Waafak's Gadget Boutique.
 50738 | Shoals:2 | Bought a wand of iceblast (2) for 120 gold pieces
 50738 | Shoals:2 | Bought a wand of acid (8) for 480 gold pieces
 50738 | Shoals:2 | Bought a wand of iceblast (10) for 280 gold pieces
 50738 | Shoals:2 | Bought a wand of iceblast (7) for 220 gold pieces
 50886 | Shoals:2 | Reached XP level 20. HP: 153/153 MP: 25/32
 50905 | Shoals:2 | Killed hofbold's ghost
 51014 | Shoals:2 | Identified Yvehy's Grimoire of Moulding and Ignition
 51116 | Shoals:3 | Noticed Polyphemus
 51883 | Shoals:3 | Killed Polyphemus
 51883 | Shoals:3 | Reached skill level 7 in Evocations
 51963 | Shoals:3 | Received a gift from Okawaru
 52393 | Shoals:3 | Noticed Kirke
 52397 | Shoals:3 | Killed Kirke
 52617 | Shoals:4 | Entered Level 4 of the Shoals
 53003 | Shoals:4 | Reached skill level 8 in Evocations
 53392 | Shoals:4 | Received a gift from Okawaru
 53413 | Shoals:4 | Got a crude brass ring
 53414 | Shoals:4 | Identified the ring of Labb {*Tele rPois MR+ Stlth-} (You
                  | found it on level 4 of the Shoals)
 53850 | Shoals:4 | Got a barnacled rune of Zot
 54676 | Elf:3    | Reached skill level 15 in Unarmed Combat
 54676 | Elf:3    | Reached skill level 9 in Evocations
 54823 | Elf:3    | Identified the ring of the Madman {rPois rC+}
 54862 | Elf:3    | Reached XP level 21. HP: 160/160 MP: 33/33
 54902 | Elf:3    | Identified the ring "Baopholo" {rPois rF+ MR+ MP+9 Int+4}
 54979 | Elf:3    | Identified the cursed +0 chain mail of Plasticity {rF+
                  | Dex+7 Stlth+}
 55004 | Elf:3    | Identified the Guide on Excruciating Toxins
 55126 | Elf:3    | Acquired 580 gold pieces
 55489 | Vaults:1 | Entered Level 1 of the Vaults
 55567 | Vaults:1 | Reached skill level 10 in Evocations
 56124 | Vaults:1 | Received a gift from Okawaru
 57493 | Vaults:2 | Received a gift from Okawaru
 57517 | Vaults:2 | Reached skill level 11 in Evocations
 57519 | Vaults:2 | Identified the +3 tower shield "Gyczoch" {Dex+4} (Okawaru
                  | gifted it to you on level 2 of the Vaults)
 57571 | Vaults:2 | Acquired 440 gold pieces
 57572 | Vaults:2 | Acquired 960 gold pieces
 57573 | Vaults:2 | Acquired the +0 hat of Understanding {rF+ rN++ MR+ Str+2}
 57639 | Vaults:2 | Noticed Donald
 57647 | Vaults:2 | Killed Donald
 58016 | Vaults:2 | Reached XP level 22. HP: 169/169 MP: 34/34
 58033 | Vaults:2 | Found a staircase to the Crypt.
 58290 | Vaults:2 | Identified the cursed +0 chain mail of the Monkey's Uncle
                  | {Str+2}
 58916 | Vaults:2 | Reached skill level 12 in Evocations
 59254 | Vaults:3 | Received a gift from Okawaru
 59278 | Vaults:3 | Found a huge runed gate.
 59278 | Vaults:3 | Found a huge runed gate.
 59278 | Vaults:3 | Found a huge runed gate.
 59278 | Vaults:3 | Found a huge runed gate.
 59278 | Vaults:3 | Found a huge runed gate.
 59279 | Vaults:3 | Found a huge runed gate.
 59279 | Vaults:3 | Found a huge runed gate.
 59279 | Vaults:3 | Found a huge runed gate.
 59279 | Vaults:3 | Found a huge runed gate.
 59279 | Vaults:3 | Found a huge runed gate.
 59280 | Vaults:3 | Found a huge runed gate.
 59280 | Vaults:3 | Found a huge runed gate.
 59281 | Vaults:3 | Found a huge runed gate.
 59282 | Vaults:3 | Found a huge runed gate.
 59283 | Vaults:3 | Found a huge runed gate.
 59291 | Vaults:3 | Found a huge runed gate.
 59291 | Vaults:3 | Found a huge runed gate.
 59291 | Vaults:3 | Found a huge runed gate.
 59291 | Vaults:3 | Found a huge runed gate.
 59291 | Vaults:3 | Found a huge runed gate.
 59291 | Vaults:3 | Found a huge runed gate.
 59291 | Vaults:3 | Found a huge runed gate.
 59292 | Vaults:3 | Found a huge runed gate.
 59293 | Vaults:3 | Found a huge runed gate.
 59310 | Vaults:3 | Found a huge runed gate.
 59310 | Vaults:3 | Found a huge runed gate.
 59310 | Vaults:3 | Found a huge runed gate.
 59310 | Vaults:3 | Found a huge runed gate.
 59310 | Vaults:3 | Found a huge runed gate.
 59310 | Vaults:3 | Found a huge runed gate.
 59310 | Vaults:3 | Found a huge runed gate.
 59311 | Vaults:3 | Found a huge runed gate.
 59352 | Vaults:3 | Found a huge runed gate.
 59361 | Vaults:3 | Found a huge runed gate.
 59361 | Vaults:3 | Found a huge runed gate.
 59361 | Vaults:3 | Found a huge runed gate.
 60877 | Vaults:3 | You fall into a shaft and drop 1 floor!
 61022 | Vaults:4 | Found Jejatama's Antique Weapon Shoppe.
 61322 | Vaults:4 | Received a gift from Okawaru
 61324 | Vaults:4 | Reached skill level 13 in Evocations
 61327 | Vaults:4 | Reached XP level 23. HP: 177/177 MP: 35/35
 61328 | Vaults:4 | Identified the +6 great sword "Fiorph" {flame, rC+}
 61363 | Vaults:4 | Noticed Frederick
 61372 | Vaults:4 | Killed Frederick
 61584 | Vaults:4 | Reached skill level 14 in Evocations
 61592 | Vaults:4 | Received a gift from Okawaru
 61797 | Vaults:4 | Got an ebony hand axe
 62249 | Vaults:4 | Found Futz's Armour Shoppe.
 62806 | Vaults:4 | Learned a level 4 spell: Animate Dead
 62820 | Vaults:5 | Entered Level 5 of the Vaults
 62836 | Vaults:5 | Received a gift from Okawaru
 62836 | Vaults:5 | Reached skill level 15 in Evocations
 62933 | Vaults:5 | Got a distressingly furry hat {god gift}
 62934 | Vaults:5 | Identified the +0 hat of Rotation {rElec Slay+2} (Okawaru
                  | gifted it to you on level 5 of the Vaults)
 62959 | Vaults:5 | Noticed a golden dragon
 62971 | Vaults:5 | Killed a golden dragon
 62989 | Vaults:5 | Reached XP level 24. HP: 187/187 MP: 35/35
 63001 | Vaults:5 | Reached skill level 16 in Evocations
 63134 | Vaults:5 | Noticed a caustic shrike
 63140 | Vaults:5 | Killed a caustic shrike
 63140 | Vaults:5 | Received a gift from Okawaru
 63304 | Vaults:5 | Noticed an ancient lich
 63313 | Vaults:5 | Killed an ancient lich
 63405 | Vaults:5 | Noticed an ancient lich
 63414 | Vaults:5 | Killed an ancient lich
 63414 | Vaults:5 | Reached skill level 17 in Evocations
 63451 | Vaults:5 | Received a gift from Okawaru
 63497 | Vaults:5 | Reached skill level 18 in Evocations
 63674 | Vaults:5 | Found Owoetei's Magic Scroll Emporium.
 63678 | Vaults:5 | Bought a scroll of teleportation for 54 gold pieces
 63678 | Vaults:5 | Bought a scroll of magic mapping for 63 gold pieces
 63687 | Vaults:5 | Found Qokhlu Ysmy's Distillery.
 63692 | Vaults:5 | Bought a potion of might for 76 gold pieces
 63692 | Vaults:5 | Bought a potion of heal wounds for 95 gold pieces
 63692 | Vaults:5 | Bought a potion of curing for 57 gold pieces
 63692 | Vaults:5 | Bought a potion of curing for 57 gold pieces
 63692 | Vaults:5 | Bought a potion of ambrosia for 152 gold pieces
 63692 | Vaults:5 | Bought a potion of curing for 57 gold pieces
 63692 | Vaults:5 | Bought a potion of mutation for 152 gold pieces
 63692 | Vaults:5 | Bought a potion of ambrosia for 152 gold pieces
 63699 | Vaults:5 | Got a silver rune of Zot
 63747 | Vaults:5 | Got a shimmering arbalest {god gift}
 63927 | Vaults:5 | Received a gift from Okawaru
 63938 | Vaults:5 | Reached XP level 25. HP: 195/195 MP: 35/35
 63971 | Vaults:5 | Reached skill level 19 in Evocations
 63977 | Vaults:5 | Noticed an ancient lich
 63981 | Vaults:5 | Killed an ancient lich
 63997 | Vaults:5 | Found Roytidonn's Book Shoppe.
 64225 | Vaults:5 | Identified the Disquisition on the Mutagenic Arsonist
 64358 | Vaults:5 | Noticed an ancient lich
 64365 | Vaults:5 | Killed an ancient lich
 64927 | Depths:1 | Entered Level 1 of the Depths
 64970 | Depths:1 | Received a gift from Okawaru
 64971 | Depths:1 | Identified the +3 hat "Vefudgh" {Dex+6} (Okawaru gifted it
                  | to you on level 1 of the Depths)
 65048 | Depths:1 | Reached skill level 20 in Evocations
 65542 | Depths:1 | Reached skill level 10 in Dodging
 65669 | Depths:1 | Got an ichor-stained quarterstaff
 65813 | Depths:1 | Found a gateway to Hell.
 66957 | Depths:2 | You fall into a shaft and drop 2 floors!
 67087 | Depths:4 | Found a bloodstained altar of Trog.
 67218 | Depths:4 | Received a gift from Okawaru
 67219 | Depths:4 | Identified the +6 tower shield of Nuqaewig {rF+} (Okawaru
                  | gifted it to you on level 4 of the Depths)
 67306 | Depths:4 | Found Gozag's Antique Weapon Shoppe.
 67314 | Depths:4 | Reached XP level 26. HP: 201/201 MP: 35/35
 67346 | Depths:4 | Found an opulent altar of Gozag.
 67354 | Depths:4 | Found Gozag's Antique Armour Shoppe.
 67357 | Depths:4 | Found Gozag's Antique Weapon Emporium.
 67487 | Depths:4 | Reached skill level 21 in Evocations
 67707 | Depths:4 | Found a one-way gate to the infinite horrors of the Abyss.
 68658 | Depths:3 | Received a gift from Okawaru
 68914 | Depths:3 | Reached skill level 22 in Evocations
 69056 | Depths:3 | Found a one-way gate leading to the halls of Pandemonium.
 69388 | Depths:3 | Received a gift from Okawaru
 69791 | Depths:3 | Got a jewelled hand axe
 70167 | Depths:5 | Entered Level 5 of the Depths
 70355 | Depths:5 | Reached skill level 23 in Evocations
 70390 | Depths:5 | Reached XP level 27. HP: 194/207 MP: 35/35
 70448 | Depths:5 | Found a transporter.
 70486 | Depths:5 | Found Diurogof's Distillery.
 70493 | Depths:5 | Bought a potion of mutation for 176 gold pieces
 70493 | Depths:5 | Bought a potion of haste for 220 gold pieces
 70493 | Depths:5 | Bought a potion of curing for 66 gold pieces
 70493 | Depths:5 | Bought 2 potions of lignification for 132 gold pieces
 70493 | Depths:5 | Bought a potion of resistance for 220 gold pieces
 70493 | Depths:5 | Bought 2 potions of lignification for 132 gold pieces
 70493 | Depths:5 | Bought a potion of curing for 66 gold pieces
 70493 | Depths:5 | Bought a potion of lignification for 66 gold pieces
 70493 | Depths:5 | Bought a potion of lignification for 66 gold pieces
 70493 | Depths:5 | Bought a potion of curing for 66 gold pieces
 70493 | Depths:5 | Bought a potion of curing for 66 gold pieces
 70531 | Depths:5 | Noticed Saint Roka
 70545 | Depths:5 | Killed Saint Roka
 70545 | Depths:5 | Received a gift from Okawaru
 70574 | Depths:5 | Identified the ring of Seos {rF+ rC+} (You found it on
                  | level 5 of the Depths)
 70620 | Depths:5 | Reached skill level 24 in Evocations
 70797 | Depths:5 | Found a transporter.
 70873 | Depths:5 | Identified the ring "Nedegaro" {Ice Dex+5} (You found it on
                  | level 5 of the Depths)
 71073 | Depths:5 | Identified the ring of Iklisif {*Tele +Blink rElec Dex+4
                  | SInv}
 71173 | Depths:5 | Found a gate to the Realm of Zot.
 71279 | Depths:5 | Found a gateway to a ziggurat.
 71285 | Depths:5 | Reached skill level 25 in Evocations
 71436 | Zot:1    | Entered Level 1 of the Realm of Zot
 71441 | Zot:1    | Received a gift from Okawaru
 71628 | Zot:1    | Identified the +6 trident "Arbiter" {antimagic, *Corrode
                  | Str+7}
 71686 | Zot:2    | Received a gift from Okawaru
 71701 | Zot:2    | Reached skill level 26 in Evocations
 72056 | Zot:5    | Entered Level 5 of the Realm of Zot
 72056 | Zot:5    | Found the +6 lightning scales {run, rElec}
 72515 | Zot:5    | Received a gift from Okawaru
 72669 | Zot:5    | Received a gift from Okawaru
 72673 | Zot:5    | Identified the +0 kite shield of Resilience {rElec rF+}
                  | (Okawaru gifted it to you on level 5 of the Realm of Zot)
 72694 | Zot:5    | Reached skill level 27 in Evocations
 72848 | Zot:5    | Noticed an ancient lich
 73534 | Zot:5    | Killed an ancient lich
 73534 | Zot:5    | Reached skill level 10 in Invocations
 73540 | Zot:5    | Noticed an orb of fire
 73545 | Zot:5    | Killed an orb of fire
 73559 | Zot:5    | Noticed an orb of fire
 73560 | Zot:5    | Noticed an ancient lich
 73568 | Zot:5    | Killed an orb of fire
 73569 | Zot:5    | Noticed an orb of fire
 73569 | Zot:5    | Noticed an ancient lich
 73569 | Zot:5    | Noticed an ancient lich
 73569 | Zot:5    | Noticed an ancient lich
 73578 | Zot:5    | Killed an ancient lich
 73584 | Zot:5    | Killed an ancient lich
 73588 | Zot:5    | Killed an ancient lich
 73593 | Zot:5    | Gained mutation: Your spells are a little easier to cast,
                  | but a little less powerful. [an orb of fire]
 73594 | Zot:5    | Killed an orb of fire
 73595 | Zot:5    | Noticed an ancient lich
 73597 | Zot:5    | Killed an ancient lich
 73615 | Zot:5    | Killed an ancient lich
 73615 | Zot:5    | Received a gift from Okawaru
 73615 | Zot:5    | Noticed an ancient lich
 73619 | Zot:5    | Killed an ancient lich
 74019 | Zot:5    | Learned a level 4 spell: Passage of Golubria
 74051 | Zot:5    | Noticed an ancient lich
 74060 | Zot:5    | Killed an ancient lich
 74112 | Zot:5    | Received a gift from Okawaru
 74219 | Zot:5    | Noticed an ancient lich
 74229 | Zot:5    | Killed an ancient lich
 74229 | Zot:5    | Reached skill level 15 in Dodging
 74564 | Zot:5    | Lost mutation: Your body sometimes deteriorates upon taking
                  | damage. [potion of mutation]
 74564 | Zot:5    | Lost mutation: Your spells are a little easier to cast, but
                  | a little less powerful. [potion of mutation]
 74564 | Zot:5    | Gained mutation: Your muscles are strong. (Str +2) [potion
                  | of mutation]
 74564 | Zot:5    | Gained mutation: You have very sharp teeth. [potion of
                  | mutation]
 74564 | Zot:5    | Gained mutation: Your flesh is heat resistant. (rF+)
                  | [potion of mutation]
 74564 | Zot:5    | Gained mutation: You are covered in fur. (AC +1) [potion of
                  | mutation]
 74567 | Zot:5    | Got the Orb of Zot
 74782 | Depths:3 | Noticed Jorrien the pandemonium lord
 74795 | Depths:3 | Killed Jorrien the pandemonium lord
 74795 | Depths:3 | Reached skill level 15 in Invocations
 75010 | D:7      | Noticed Tuavaur the pandemonium lord
 75029 | D:7      | Killed Tuavaur the pandemonium lord
 75173 | D:1      | Noticed Deocil the pandemonium lord
 75186 | D:1      | Killed Deocil the pandemonium lord
 75239 | D:$      | Escaped with the Orb!

Illustrated notes

Levels and vault maps discovered:
D:1:      psy_arrival_heroes, layout_loops_corners, doesnt_xom_only_xom
D:2:      layout_loops_ring, nicolae_qazlal_style_of_elements,
          kennysheep_vampire_church, grunt_gozag_statues
D:3:      layout_rooms
D:4:      layout_basic
D:5:      layout_cave_pools, marbit_many_paths, minitemple,
          yredelemnul_forgotten_temple_becter, temple_doors_e,
          nicolae_ashenzari_panopticon
D:6:      layout_gridville, nemelex_xobeh_ov_fountains_minmay,
          chequers_serial_rivers_room_b, minmay_misc_feat_square,
          vehumet_altar_wand_db
D:7:      layout_loops_cross, tgw_trog, zin_academy, bloody_makhleb,
          basic_altar, uniq_joseph
D:8:      layout_rooms, serial_shops, nicolae_shop_stone
D:9:      layout_cross, grunt_lair_entry_orc_guard_hut, uniq_prince_ribbit1
D:10:     cheibrodos_shockbox, layout_grid_maze, ebering_ghost_disaster_area,
          zaba_antful_of_joy, uniq_sonja, uniq_maggie
D:11:     layout_stronghold
D:12:     minmay_textured_paths, layout_irregular_city, orc_david_3,
          chequers_serial_rivers_large_a, elyvilon_altar_5, uniq_frances
D:13:     layout_roguey, david_vaults_1, serial_shops,
          nicolae_shop_competitors_out_of_business, nicolae_elemental_shop,
          uniq_josephine, uniq_urug
D:14:     layout_long_grid, lemuel_doored_altar, basic_altar, fedhas_altar_4,
          uniq_agnes
D:15:     grunt_enter_depths_giant_problem, layout_cave_pools, serial_rivers,
          chequers_serial_rivers_small_b, chequers_serial_rivers_room_b,
          chequers_serial_rivers_micro_a, chequers_serial_rivers_micro_a,
          chequers_serial_rivers_small_b, chequers_serial_rivers_marsh,
          basic_altar, minmay_misc_feat_tiny
Temple:   dpeg_three_leaves_temple
Lair:1:   layout_regular_city, gauntlet_entry_generic,
          minmay_lair_oklob_chamber, lemuel_fruit_fields, grunt_megastairs_3,
          uniq_erica
Lair:2:   layout_hall_layers, minmay_snake_entry_six_corridors,
          grunt_megastairs_5
Lair:3:   layout_cave_pods
Lair:4:   layout_regular_city, minmay_shoals_entry_lonely_mermaid,
          serial_bayou_lagoon_b, serial_bayou_shore_a
Lair:5:   layout_regular_city, enter_volcano_4, minivault_26
Lair:6:   cheibrodos_lair_end_hotspot, layout_misc_corridors,
          minmay_slime_entry_pillars
Shoals:1: layout_shoals, serial_shops, nicolae_shop_statue_plus,
          nicolae_shoals_siren_and_animal_friends
Shoals:2: layout_shoals, serial_shops, shop_fountains,
          gammafunk_ghost_wrathful_warriors, uniq_nikola
Shoals:3: layout_shoals, uniq_polyphemus, uniq_kirke
Shoals:4: shoals_end_grunt_garden, layout_shoals
Snake:1:  layout_layer_cave, uniq_aizul, uniq_azrael
Snake:2:  layout_concentric_octagons, serial_shops, shop
Snake:3:  layout_onion
Snake:4:  snake_pit, layout_cave_town, ebering_ghost_disaster_area,
          serial_bayou_pond_d, drop_trap
Orc:1:    layout_caves, uniq_snorg, uniq_maurice, uniq_fannar
Orc:2:    grunt_orc_community_town_hall, layout_caves,
          grunt_orc_community_big_house_1, grunt_orc_community_big_house_2,
          grunt_orc_community_house_2, grunt_orc_community_house_2,
          grunt_orc_community_house_1, grunt_orc_community_house_2,
          grunt_orc_community_house_2, portal_ice_cave_demonic_guard,
          lightli_church_of_beogh
Elf:1:    layout_loops_cross, serial_shops, nicolae_shop_stone, minivault_28
Elf:2:    layout_geoelf_octagon, serial_shops, shop_fountains,
          nicolae_elf_big_sculpture_1, lemuel_flamethrower_2
Elf:3:    minmay_elf_hall_furrowed, layout_gridlike, serial_shops,
          nicolae_shop_behind_doors, uniq_asterion
Vaults:1: v_rooms_6, ontoclasm_vaults_ligature, ontoclasm_vaults_loading_screen,
          nicolae_vaults_network_star, v_misc_27, v_misc_9,
          vaults_mumra_hexcomb, nicolae_vaults_theta, vaults_room_guarded_vault,
          grunt_vaults_focal, layout_vaults_chaotic_city,
          portal_desolation_entry_garden
Vaults:2: minmay_crypt_entry_simple_box, nicolae_vaults_network_s,
          vaults_mumra_chevron_long, v_rooms_1, vaults_mumra_minichess,
          v_misc_19, ontoclasm_vaults_misaligned, v_misc_10, vaults_mumra_hex,
          nicolae_vaults_theta, vaults_dpeg_cross,
          nicolae_vaults_yaktaur_gun_rack, layout_vaults_omnigrid, uniq_donald
Vaults:3: ontoclasm_vaults_ring_small, nicolae_vaults_disjoint_gnomons,
          vaults_room_fancy_cross, ontoclasm_vaults_gateway,
          ontoclasm_vaults_pinch, hangedman_vaults_pinch,
          vaults_not_door_vault_mu, v_pattern_5, v_misc_15, v_misc_28,
          nicolae_vaults_asterisk, v_misc_5, nicolae_vaults_little_squares_2,
          hangedman_vaults_variations, vaults_room_door_ring,
          nicolae_vaults_little_squares_4, layout_vaults_omnibox
Vaults:4: nicolae_vaults_what_the_h, vaults_room_large_hall,
          nicolae_vaults_asterisk, v_pattern_1,
          hangedman_vaults_hard_town_square, vaults_dpeg_doors,
          dpeg_vaults_monster_row, grunt_vaults_funnel, v_misc_5,
          nicolae_vaults_little_ls, nicolae_vaults_sealed_display,
          nicolae_vaults_asterisk, nicolae_vaults_rhombus_6, layout_vaults_ring,
          serial_shops, shop, shop, uniq_frederick, uniq_margery
Vaults:5: serial_shops
Depths:1: layout_basic, grunt_metal_band, nicolae_twisting_strands,
          nicolae_lava_and_water, kennysheep_minor_cross, minmay_serpent_palace,
          firewood_loft
Depths:2: minmay_containers, layout_cave_pools, marbit_kobold_abyss_entry,
          hell_entry, dk_noncrumbling_2, minmay_misc_feat_enclosed
Depths:3: minmay_quarter_circles, layout_gridville, pan_entry, hell_entry,
          minmay_fire_ice_demons, minmay_staircase_windowed_large,
          serial_bayou_shore_b
Depths:4: kennysheep_gozag_temple, layout_gridlike, minmay_room_of_horrors,
          hangedman_decor_slide_cut, pf_hell_entry_tar_spiral, hex_tiny,
          grunt_ministairs_6, evilmike_spriggan_trog_shrine
Depths:5: hangedman_spin_cycle, hell_entry, abyss_entry, pan_entry
Zot:1:    grunt_zot_stairs_faceoff, layout_twisted_circle, ebering_ghost_gozag
Zot:2:    layout_onion, grunt_ministairs_7, skrybe_zot_glass_2,
          grunt_megastairs_2
Zot:3:    layout_onion_interference
Zot:4:    layout_gridlike, zot_minivault_5
Zot:5:    layout_misc_corridors, lemuel_baited_zot_trap

Skill      XL: |  1  2  3  4  5  6  7  8  9 10 11 12 13 14 15 16 17 18 19 20 21 22 23 24 25 26 27 |
---------------+----------------------------------------------------------------------------------+-----
Fighting       | 1 2 3 5 6 7 9 10 11 12 14 16 18 19 20 21 22 | 22.0
Summonings     | 1 3 4 6 8 |  8.0
Spellcasting   | 2 3 4 5 6 7 8 |  8.0
Unarmed Combat | 2 3 4 6 7 9 10 11 13 15 17 18 20 | 20.0
Invocations    | 1 3 5 7 9 15 | 15.6
Translocations | 2 3 4 |  4.0
Dodging        | 3 6 8 9 11 15 | 15.9
Evocations     | 4 6 9 11 13 15 18 20 23 27 | 27.0
Poison Magic   | 3 |  3.0
Conjurations   | 1 2 3 5 6 8 |  8.0
Air Magic      | 4 |  4.0
Earth Magic    | 1 2 6 9 10 | 10.0
Transmutations | 1 2 6 9 11 12 13 | 13.0
Shields        | 7 10 | 10.0
Necromancy     | 2 5 |  5.0
Polearms       | |  1.0
Stealth        | |  2.6

Action                   |  1- 3 |  4- 6 |  7- 9 | 10-12 | 13-15 | 16-18 | 19-21 | 22-24 | 25-27 || total
-------------------------+-------+-------+-------+-------+-------+-------+-------+-------+-------++-------
Melee: Spear             |    89 |       |       |       |       |       |       |       |       ||    89
       Constrict         |    24 |    34 |    51 |   124 |   123 |   178 |   172 |   129 |   193 ||  1028
       Tentacles         |    12 |    18 |    52 |   183 |   319 |   213 |   216 |   203 |   411 ||  1627
       Dagger            |    10 |   116 |    48 |       |       |       |       |       |       ||   174
       Punch             |       |     1 |     8 |    72 |   133 |   118 |   146 |   147 |   319 ||   944
       Unarmed           |       |       |   241 |   747 |  1142 |  1143 |  1089 |   928 |  1814 ||  7104
       Bite              |       |       |       |       |       |       |       |       |    18 ||    18
Throw: Stone             |     5 |       |       |       |       |       |       |       |       ||     5
       Dart              |       |     1 |     4 |    13 |     7 |     4 |       |       |       ||    29
       Throwing net      |       |       |       |       |       |       |       |       |     2 ||     2
 Cast: Magic Dart        |    13 |       |       |       |       |       |       |       |       ||    13
       Call Imp          |       |    59 |    90 |    12 |       |       |       |       |       ||   161
       Call Canine Famil |       |       |     5 |    13 |     1 |       |       |       |       ||    19
       Summon Lightning  |       |       |       |       |     1 |       |       |       |       ||     1
       Statue Form       |       |       |       |       |       |    80 |    64 |    40 |   101 ||   285
       Irradiate         |       |       |       |       |       |       |     2 |       |       ||     2
       Summon Forest     |       |       |       |       |       |       |     1 |       |       ||     1
       Passwall          |       |       |       |       |       |       |       |     2 |     1 ||     3
       Borgnjor's Vile C |       |       |       |       |       |       |       |     1 |       ||     1
       Passage of Golubr |       |       |       |       |       |       |       |       |     4 ||     4
Invok: Heroism           |       |       |     8 |    45 |    54 |    36 |    32 |    14 |    13 ||   202
       Finesse           |       |       |       |     1 |     1 |       |     1 |       |     3 ||     6
 Abil: Evoke Invisibilit |       |       |       |       |       |       |       |       |     2 ||     2
Evoke: Wand              |       |     5 |    29 |    31 |    27 |     6 |    12 |       |     9 ||   119
       Tin of tremorston |       |       |       |       |     4 |     3 |     6 |     3 |       ||    16
       Phantom mirror    |       |       |       |       |     1 |       |       |       |       ||     1
       Condenser vane    |       |       |       |       |       |       |       |     4 |     2 ||     6
  Use: Potion            |       |     1 |     3 |     1 |     2 |     3 |       |       |     6 ||    16
       Scroll            |       |       |     9 |    15 |    14 |    16 |    16 |     3 |    15 ||    88
 Stab: Sleeping          |    11 |     8 |    12 |    13 |    19 |     8 |    10 |    13 |    17 ||   111
       Distracted        |       |     1 |     4 |     6 |     1 |       |     1 |     4 |     4 ||    21
       Confused          |       |       |     1 |       |       |       |       |       |       ||     1
       Paralysed         |       |       |     9 |    11 |     7 |       |     1 |       |       ||    28
       Invisible         |       |       |       |       |       |       |       |       |    10 ||    10
       Held in net/web   |       |       |       |       |       |       |       |       |     8 ||     8
Armor: Skin              |     9 |    14 |     9 |    10 |    41 |   225 |   206 |   203 |   407 ||  1124
Dodge: Dodged            |    60 |    72 |   171 |   781 |   716 |  1155 |  1012 |   734 |  1920 ||  6621
Block: Kite shield       |       |       |       |       |   564 |  1259 |  1329 |   800 |  1163 ||  5115
       Buckler           |       |       |       |       |    10 |       |       |       |       ||    10
       Reflection        |       |       |       |       |       |    62 |   190 |    59 |       ||   311

Table legend: (Time is in decaauts)
 A = Elapsed time spent in this place.
 B = Non-inter-level travel time spent in this place.
 C = Inter-level travel time spent in this place.
 D = Time resting spent in this place.
 E = Time spent auto-exploring this place.
 F = Levels seen in this place.
 G = Mean time per level.
                   A        B        C        D        E       F      G
               +--------+--------+--------+--------+--------+-----+--------+
         Total |  80081 |  76305 |   3776 |  17138 |  39923 |  53 | 1511.0 |
       Dungeon |  29891 |  27977 |   1914 |  10686 |  11789 |  15 | 1992.7 |
        Temple |     18 |      9 |      9 |      0 |      4 |   1 |   18.0 |
          Lair |   8757 |   8335 |    422 |   1792 |   5013 |   6 | 1459.5 |
        Shoals |   6072 |   5871 |    201 |    982 |   3423 |   4 | 1518.0 |
     Snake Pit |   4977 |   4798 |    179 |    114 |   3500 |   4 | 1244.2 |
  Orcish Mines |   2556 |   2357 |    199 |    195 |   1366 |   2 | 1278.0 |
   Elven Halls |   4215 |   3920 |    295 |    392 |   2112 |   3 | 1405.0 |
        Vaults |  10405 |  10202 |    203 |    370 |   7251 |   5 | 2081.0 |
        Depths |   7632 |   7332 |    300 |    320 |   4600 |   5 | 1526.4 |
           Zot |   3749 |   3698 |     51 |   1527 |    528 |   5 |  749.8 |
      Ice Cave |     92 |     92 |      0 |      0 |      0 |   1 |   92.0 |
       Volcano |    694 |    694 |      0 |    420 |      0 |   1 |  694.0 |
      Gauntlet |   1017 |   1017 |      0 |    337 |    334 |   1 | 1017.0 |
               +--------+--------+--------+--------+--------+-----+--------+

Top non-repeatable levels by time:
    D:10: 4162 daAuts
   Zot:5: 2858 daAuts
    D:12: 2620 daAuts
Shoals:3: 2546 daAuts
Vaults:3: 2351 daAuts
     D:9: 2272 daAuts
Vaults:5: 2201 daAuts
    D:13: 2164 daAuts
     D:1: 2162 daAuts
Vaults:2: 2122 daAuts
Vaults:1: 2087 daAuts
     D:7: 2071 daAuts
Depths:3: 2004 daAuts
     D:5: 2003 daAuts
   Elf:3: 1988 daAuts
